AoeStats
← vedattufan1

Hideout

508470056Analyzed
1v1 RM · 9d ago on Sep 22, 2026· 60m 23s· 2 players
Game mode
Random Map
Map size
Tiny (2 player)
Population
200
Speed
Normal
Resources
Standard
Victory
Conquest
Starting age
Dark Age
Ending age
Imperial Age
RankedLock teamsTeams togetherTeam positionsShared explorationLock speedFull tech treeHidden civsTurbo modeCheats
Victory
Defeat
🇷🇺 Saracens · Russia
726
+15
🇹🇷 Huns · Türkiye
698
-15
vedattufan1
10:37 Feudal Age
10:25 Loom
11:26 Double-Bit Axe
11:23 Horse Collar
18:36 Castle Age
16:51 Stone Mining
17:14 Gold Mining
18:03 Arson
18:26 Scale Mail Armor
20:04 Bow Saw
19:57 Heavy Plow
20:03 Squires
19:49 Pikeman
23:23 Forging
23:40 Chain Mail Armor
24:13 Elite Skirmisher
25:11 Town Watch
30:22 Imperial Age
28:28 Padded Archer Armor
28:30 Fletching
30:38 Iron Casting
30:44 Leather Archer Armor
34:06 Bodkin Arrow
35:12 Blast Furnace
36:02 Bracer
36:01 Halberdier
38:42 Chemistry
42:02 Scale Barding Armor
43:20 Chain Barding Armor
46:24 Gold Shaft Mining
47:21 Elite Tarkan
49:41 Plate Barding Armor
51:31 Capped Ram
CouthTiara15619
4:52 Loom
11:15 Feudal Age
12:31 Wheelbarrow
11:44 Double-Bit Axe
11:40 Horse Collar
18:23 Castle Age
17:16 Forging
17:47 Scale Barding Armor
17:36 Stone Mining
18:49 Gold Mining
19:14 Bloodlines
19:23 Heavy Plow
20:34 Bow Saw
21:41 Hand Cart
23:11 Gold Shaft Mining
23:16 Town Watch
24:19 Husbandry
26:41 Iron Casting
30:18 Imperial Age
28:51 Town Patrol
29:14 Chain Barding Armor
29:12 Light Cavalry
31:05 Ballistics
30:41 Murder Holes
30:57 Masonry
30:47 Elite Mameluke
33:19 Conscription
35:06 Parthian Tactics
35:56 Chemistry
37:04 Two-Man Saw
36:53 Plate Barding Armor
37:20 Blast Furnace
36:11 Fletching
37:31 Bimaristan
41:19 Hoardings
45:43 Bodkin Arrow
45:36 Arrowslits
50:16 Counterweights
50:17 Bimaristan
54:29 Bracer
55:41 Hussar
Connection lost

Rejoining the realm…

Still unreachable

The connection could not be restored.

Session expired

The server has moved on; the page needs a fresh start.